 Dungeon Crawl Stone Soup version 0.24.0-13-gcf9b3192b9 (webtiles) character file.

Game seed: 15180264729359083215, levelgen mode: deterministic

39 Arum the Skirmisher (level 3, -5/29 HPs)
             Began as a Demonspawn Fighter on Nov 5, 2019.
             Killed from afar by an orc wizard (7 damage)
             ... with a magic dart
             ... on level 3 of the Dungeon.
             The game lasted 00:01:32 (1609 turns).

Arum the Skirmisher (Demonspawn Fighter)            Turns: 1609, Time: 00:01:32

Health: -5/29      AC:  5    Str: 15 (17) XL:     3   Next: 28%
Magic:  0/3        EV:  7    Int:  6 (9)  God:
Gold:   73         SH:  8    Dex:  9 (12) Spells: 2/2 levels left

rFire    . . .     SeeInvis .     - Unarmed
rCold    . . .     Gourm    .   b - +0 shield
rNeg     . . .     Faith    .   g - +0 ring mail
rPois    .         Spirit   +   (no helmet)
rElec    .         Reflect  .   (no cloak)
rCorr    .         Harm     .   (no gloves)
MR       .....                  (no boots)
Stlth    ..........             (no amulet)
HPRegen  0.09/turn              (no ring)
MPRegen  0.08/turn              (no ring)

@: flying, very slightly contaminated, invisible
A: magic shield
a: no special abilities


You were on level 3 of the Dungeon.
You were not hungry.

You visited 1 branch of the dungeon, and saw 3 of its levels.

You collected 73 gold pieces.

Inventory:

Armour
 a - a +0 scale mail
 b - a +0 shield (worn)
 g - a +0 ring mail (worn)
Jewellery
 e - an uncursed ring of flight {unknown}
 h - an uncursed ring of magical power {unknown}
 j - an uncursed ring of ice {unknown}
Scrolls
 f - a scroll of magic mapping {unknown}
 i - 4 scrolls of teleportation {unknown}
 m - a scroll of identify {unknown}
 o - a scroll of remove curse {unknown}
Potions
 c - a potion of might
 n - a potion of invisibility
Comestibles
 d - 2 rations


   Skills:
 + Level 3.5 Fighting
 - Level 2.6 Armour
 + Level 3.1 Shields
 + Level 2.4 Unarmed Combat


You had 2 spell levels left.
You didn't know any spells.
Your spell library was empty.

Dungeon Overview and Level Annotations

Branches:
Dungeon (3/15)

Altars:
Hepliaklqana


Innate Abilities, Weirdness & Mutations

When hurt, damage is shared between your health and your magic reserves.


Message History

The orc appears confused.
The orc shouts!
You catch the helpless orc completely off-guard!
You hit the orc.
The orc is severely wounded.
The orc closely misses you.
The orc closely misses something.
You hit the orc.
The orc is almost dead.
The orc barely misses you.
The orc closely misses the orc.
Your shield prevents you from hitting the orc.
The orc is almost dead.
You block the orc's attack.
The orc hits the orc with a +0 hand axe.
The orc dies!
The orc closely misses you.
You see here a +0 hand axe.
You barely miss the orc.
A magic dart appears from out of thin air!
The magic dart hits you!
You die...

#.. #..... #....
#.... ###...
#.....
####..oo#####
........@...#
.....{..###.###.
..$......{......
.......<.o#.####
.......#....#
####+#......#
#(###..... #.
#.##. .. ... .


You could see 2 orcs.

Vanquished Creatures
  An ooze (D:2)
  A worm (D:2)
  4 leopard geckos
  A ball python (D:1)
  A giant cockroach (D:3)
  3 goblins
  4 hobgoblins
  A quokka (D:2)
  3 bats
  A frilled lizard (D:1)
  5 rats
25 creatures vanquished.

Vanquished Creatures (others)
  An orc (D:3)
1 creature vanquished.

Grand Total: 26 creatures vanquished

Notes
Turn   | Place    | Note
-------+----------+-------------------------------------------
     0 | D:1      | Arum the Demonspawn Fighter began the quest for the Orb.
     0 | D:1      | Reached XP level 1. HP: 18/18 MP: 1/1
   504 | D:1      | Gained mutation: When hurt, damage is shared between your
                  | health and your magic reserves. [demonic ancestry]
   504 | D:1      | Reached XP level 2. HP: 24/24 MP: 2/2
  1084 | D:2      | Reached XP level 3. HP: 21/29 MP: 3/3
  1177 | D:2      | Found a hazy altar of Hepliaklqana.
  1597 | D:3      | HP: 1/29 [something/puff of flame (9)]
  1609 | D:3      | Killed from afar by an orc wizard

Levels and vault maps discovered:
D:1:      evilmike_arrival_rings, layout_basic
D:2:      layout_loops_ring, nicolae_overflow_crystal_walls
D:3:      layout_basic, chequers_temple_overflow_statue_of_worship

Skill      XL: |  1  2 |
---------------+-------+-----
Unarmed Combat | 2 |  2.4
Shields        | 3 |  3.1
Fighting       | |  3.5
Armour         | |  2.6

Action                   || total
-------------------------++-------
Melee: Unarmed           ||   131
  Use: Potion            ||     3
 Stab: Invisible         ||     1
  Eat: Chunk             ||     2
Armor: Ring mail         ||    30
       Scale mail        ||     6
Dodge: Dodged            ||    37
Block: Shield            ||    55
